 Dungeon Crawl Stone Soup version 0.30-a0-702-gdf48620a09 (webtiles) character file.

Game seed: 9506296207497347521

3717 gelatine the Firebug (level 9, -1/66 HPs)
             Began as a Demonspawn Fire Elementalist on Jan 21, 2023.
             Engulfed by a cloud of flame (18 damage)
             ... on level 7 of the Dungeon.
             The game lasted 00:21:16 (8218 turns).

gelatine the Firebug (Demonspawn Fire Elementalist) Turns: 8218, Time: 00:21:16

Health: -1/66      AC:  5    Str:  9    XL:     9   Next: 92%
Magic:  26/26      EV: 14    Int: 20    God:
Gold:   446        SH:  0    Dex: 19    Spells: 6/19 levels left

rFire   . . .      SeeInvis .    Q - +2 hand axe of the Maze {spect, Fly Dex+5}
rCold   . . .      Faith    .    (no shield)
rNeg    . . .      Spirit   .    G - +0 leather armour {rPois}
rPois   +          Reflect  .    (no helmet)
rElec   .          Harm     .    F - scarf {repulsion}
rCorr   .          Rampage  .    v - +0 pair of gloves
Will    .....                    e - +0 pair of boots
Stlth   ++                       I - amulet of regeneration
HPRegen 1.11/turn                o - ring of magical power
MPRegen 0.20/turn                w - ring of wizardry

@: mighty, flying, repel missiles
A: powered by pain 2, sturdy frame 1, weakness stinger 2
a: no special abilities


You were on level 7 of the Dungeon.
You visited 2 branches of the dungeon, and saw 8 of its levels.
You also visited: Sewer.

You collected 446 gold pieces.

Inventory:

Hand Weapons
 p - a +1 trident of protection
 u - a +2 quarterstaff of chaos
 C - a +0 dagger of electrocution
 E - a +0 whip of pain
 L - a +0 rapier of electrocution
 O - a +2 scimitar of flaming
 Q - the +2 hand axe of the Maze (weapon) {spect, Fly Dex+5}
   (You found it on level 7 of the Dungeon)

   Dex:       It affects your dexterity (+5).
   Fly:       It grants you flight.
Missiles
 J - 2 curare-tipped darts
 N - 2 poisoned darts
Armour
 e - a +0 pair of boots (worn)
 t - a +0 cloak
 v - a +0 pair of gloves (worn)
 F - a scarf of repulsion (worn)
 G - a +0 leather armour of poison resistance (worn)
 P - +0 swamp dragon scales
Jewellery
 o - a ring of magical power (left hand)
 w - a ring of wizardry (right hand)
 x - a +6 ring of dexterity
 I - an amulet of regeneration (around neck)
Wands
 j - a wand of paralysis (34)
 y - a wand of digging (8)
 M - a wand of polymorph (6)
Scrolls
 a - 2 scrolls of fear {unknown}
 d - a scroll of blinking
 g - 3 scrolls of butterflies {unknown}
 i - 2 scrolls of noise {unknown}
 k - 3 scrolls of teleportation {unknown}
 m - 4 scrolls of enchant armour {unknown}
 q - 2 scrolls of fog {unknown}
 A - a scroll of vulnerability {unknown}
 H - a scroll of immolation {unknown}
 K - a scroll of acquirement {unknown}
Potions
 b - 2 potions of magic
 c - 3 potions of cancellation
 f - a potion of heal wounds
 h - a potion of ambrosia {unknown}
 l - 6 potions of curing
 n - 2 potions of flight
 r - 3 potions of might
 s - a potion of lignification
 z - 2 potions of haste {unknown}
 B - 2 potions of resistance
 D - a potion of mutation {unknown}


   Skills:
 * Level 4.7 Fighting
 + Level 0.1(1.1) Polearms
 + Level 2.0 Staves
 * Level 3.8 Armour
 * Level 4.3 Dodging
 + Level 2.7 Stealth
 + Level 5.7 Spellcasting
 * Level 5.2 Conjurations
 + Level 0.6 Hexes
 + Level 0.1 Translocations
 * Level 7.8 Fire Magic


You had 6 spell levels left.
You knew the following spells:

 Your Spells              Type           Power      Damage    Failure   Level
a - Foxfire               Conj/Fire      100%       2x1d9     1%          1
b - Scorch                Fire           72%        2d9       1%          2
c - Inner Flame           Hex/Fire       22%        N/A       2%          3
d - Kindle Blastsparks    Fire/Tloc/Air  32%        2d12      4%          3
e - Flame Wave            Conj/Fire      31%        2d9       3%          4

Your spell library contained the following spells:

 Spells                   Type           Power      Damage    Failure   Level
 Magic Dart               Conj           100%       1d8       1%          1
 Searing Ray              Conj           52%        2d6       1%          2
 Ensorcelled Hibernation  Hex/Ice        14%        N/A       6%          2
 Spider Form              Tmut/Pois      5%         N/A       14%         3
 Fulminant Prism          Conj/Hex       8%         3d6       14%         4
 Anguish                  Hex/Necr       3%         N/A       36%         4


Dungeon Overview and Level Annotations

Branches:
Dungeon (7/15)             Temple (1/1) D:5           Sewer (visited)

Altars:
Ashenzari
Cheibriados
Fedhas
Gozag
Kikubaaqudgha
Makhleb
Okawaru
Sif Muna
Yredelemnul
Lugonu


Innate Abilities, Weirdness & Mutations

You sometimes gain power by taking damage.
Your movements are slightly less encumbered by armour. (ER -2)
You have a tail ending in a sharp stinger.


Message History

The kobold brigand is severely wounded.
The flame wave engulfs the orc warrior!
The orc warrior is moderately wounded.
The tree burns like a torch!
The flame wave engulfs the howler monkey!
The howler monkey is almost dead.
The flame wave engulfs the orc!
You kill the orc!
You feel sick.
The kobold brigand hits you with a +0 short sword.
The phantom misses you.
The orc warrior hits you with a +0 trident!
You focus on the pain.
You feel very mighty all of a sudden.
The steam dragon bites you but does no damage.
The steam dragon claws you.
A wave of flame ripples out!
The flame wave engulfs the phantom!
You destroy the phantom!
The flame wave engulfs the steam dragon.
The steam dragon is severely wounded.
The flame wave engulfs the kobold brigand!
You kill the kobold brigand!
The flame wave engulfs the orc warrior!
The orc warrior is severely wounded.
You feel a bit more experienced.
The tree burns like a torch!
You finish channelling waves of flame.
You are engulfed in blazing flames.
* * * LOW HITPOINT WARNING * * *
You focus on the pain.
You feel your power returning.
You feel sick.
You are no longer poisoned.
The steam dragon is engulfed in blazing flames.
You kill the steam dragon!
The steam dragon scales are intact enough to wear.
The orc warrior hits you with a +0 trident!
* * * LOW HITPOINT WARNING * * *
You focus on the pain.
You feel mightier all of a sudden.
The forest fire spreads! x2
Your Staves skill increases to level 2!
You feel better.
You are engulfed in blazing flames.
You die...

...#.♣♣ ♣♣♣
♣♣♣♣♣♣♣.♣#.....#.
.#.#♣.♣♣
♣.......♣#♣...♣#.
... ♣♣.♣
♣.♣♣♣♣♣♣♣ ♣♣.♣♣#.
###
#######.########
### #.
.......§§§..§.#
♣§§§..§§§♣♣♣.#
♣§§§§§§§♣♣ #
#.♣♣§§§§)§§§♣♣♣
#....§§@.......
########o######
... ####


You could see an orc warrior.

Vanquished Creatures
  Maggie (D:7)
  Grinder (D:4)
  Prince Ribbit (D:5)
  3 steam dragons (D:7)
  3 water moccasins
  A sky beast (D:7)
  2 orc warriors
  A black bear (D:5)
  An ice beast (D:6)
  4 ogres
  A phantom (D:7)
  2 bullfrogs (D:7)
  3 kobold brigands (D:7)
  3 necrophages
  A gnoll sergeant (D:7)
  2 scorpions (D:6)
  A howler monkey (D:7)
  4 hounds
  2 jellies (D:5)
  Crazy Yiuf (D:2)
  9 orc priests
  Ijyb (D:4)
  2 iguanas (D:7)
  A hell rat (Sewer)
  5 adders
  A river rat (Sewer)
  A gnoll (D:1)
  3 white imps
  2 ufetubi
  A worm (D:2)
  6 dart slugs
  29 orcs
  7 ball pythons
  5 bats
  3 endoplasms
  10 giant cockroaches
  5 goblins
  3 hobgoblins
  4 jackals (D:2)
  15 kobolds
  6 quokkas
  4 frilled lizards
  14 rats
175 creatures vanquished.

Vanquished Creatures (others)
  519 foxfires
519 creatures vanquished.

Grand Total: 694 creatures vanquished

Notes
Turn   | Place    | Note
-------+----------+-------------------------------------------
     0 | D:1      | gelatine the Demonspawn Fire Elementalist began the quest
                  | for the Orb.
     0 | D:1      | Reached XP level 1. HP: 13/13 MP: 3/3
    61 | D:1      | Reached skill level 3 in Fire Magic
    61 | D:1      | Gained mutation: Your movements are slightly less
                  | encumbered by armour. (ER -2) [demonic ancestry]
    61 | D:1      | Reached XP level 2. HP: 19/19 MP: 1/5
   655 | D:1      | Gained mutation: You sometimes gain a little power by
                  | taking damage. [demonic ancestry]
   655 | D:1      | Reached XP level 3. HP: 23/24 MP: 1/6
  1136 | D:1      | Learned a level 2 spell: Scorch
  1865 | D:2      | Reached XP level 4. HP: 30/30 MP: 7/7
  2378 | D:2      | Found a runed translucent door.
  2379 | D:2      | Noticed Crazy Yiuf
  2385 | D:2      | Killed Crazy Yiuf
  2636 | D:3      | Found a glowing drain.
  2645 | Sewer    | Entered a sewer
  2799 | Sewer    | Reached skill level 4 in Fire Magic
  2799 | Sewer    | Reached XP level 5. HP: 36/36 MP: 8/8
  3410 | D:3      | Reached skill level 1 in Armour
  3907 | D:4      | Reached skill level 1 in Fighting
  4012 | D:4      | Noticed Grinder
  4022 | D:4      | Killed Grinder
  4023 | D:4      | Gained mutation: You have a small tail. [demonic ancestry]
  4023 | D:4      | Reached XP level 6. HP: 43/43 MP: 8/10
  4195 | D:4      | Noticed Ijyb
  4210 | D:4      | Killed Ijyb
  4276 | D:4      | Found a burning altar of Makhleb.
  4364 | D:4      | Gained mutation: You sometimes gain power by taking damage.
                  | [demonic ancestry]
  4364 | D:4      | Reached XP level 7. HP: 48/48 MP: 11/11
  4575 | D:4      | Reached skill level 5 in Fire Magic
  4730 | D:4      | Found an ancient bone altar of Kikubaaqudgha.
  5026 | D:5      | Entered Level 5 of the Dungeon
  5026 | D:5      | Noticed Prince Ribbit
  5036 | D:5      | Killed Prince Ribbit
  5259 | D:5      | HP: 2/50 [acid (5)]
  5590 | D:5      | Found a staircase to the Ecumenical Temple.
  5613 | D:5      | Gained mutation: You have a tail ending in a sharp stinger.
                  | [demonic ancestry]
  5613 | D:5      | Reached XP level 8. HP: 57/57 MP: 13/13
  6329 | D:6      | Reached skill level 1 in Staves
  6362 | D:6      | Learned a level 3 spell: Inner Flame
  6366 | D:6      | Learned a level 3 spell: Kindle Blastsparks
  6371 | D:6      | Learned a level 4 spell: Flame Wave
  6386 | D:6      | Reached skill level 6 in Fire Magic
  6765 | D:6      | Found a broken altar of Ashenzari.
  7051 | D:6      | Found a shimmering blue altar of Sif Muna.
  7222 | Temple   | Entered the Ecumenical Temple
  7320 | D:7      | Reached XP level 9. HP: 64/64 MP: 16/16
  7325 | D:7      | Reached skill level 5 in Spellcasting
  7582 | D:7      | Reached skill level 7 in Fire Magic
  7950 | D:7      | Noticed Maggie
  7956 | D:7      | Killed Maggie
  7967 | D:7      | Reached skill level 5 in Conjurations
  7975 | D:7      | Found an iron altar of Okawaru.
  7983 | D:7      | Identified the +2 hand axe of the Maze {spect, Fly Dex+5}
  8218 | D:7      | Engulfed by a cloud of flame

Illustrated notes

Levels and vault maps discovered:
D:1:      lightli_arrival_quake, layout_basic
D:2:      layout_loops_ring, minmay_pentomino_v4, uniq_crazy_yiuf_cottage
D:3:      layout_loops_ring, gup_sewer_entry_pipe,
          chequers_serial_rivers_micro_d, hangedman_decor_diamond_cutter,
          minivault_11
D:4:      layout_gridville, nicolae_kikubaaqudgha_miasma_corner,
          nicolae_overflow_crystal_walls, minmay_strange_pillars, uniq_grinder,
          uniq_ijyb
D:5:      layout_basic, minmay_temple_entry_from_below_a, uniq_prince_ribbit1
D:6:      layout_basic, nicolae_ashenzari_skybound,
          nicolae_sif_muna_little_library, minmay_fractal_squares_5
D:7:      nzn_winding_woodlands_cross [nzn_winding_woodlands_5x15_parted,
          nzn_winding_woodlands_5x15_concentric,
          nzn_winding_woodlands_5x15_garden,
          nzn_winding_woodlands_5x15_sawtooth,
          nzn_winding_woodlands_15x15_boxy_spiral], layout_loops_ring,
          okawaru_ov_weapons_minmay, uniq_maggie
Temple:   corrupted_temple

Skill      XL: |  1  2  3  4  5  6  7  8  9 |
---------------+----------------------------+-----
Dodging        | 2 3 4 |  4.3
Fire Magic     | 3 4 5 6 7 |  7.8
Stealth        | 2 |  2.7
Conjurations   | 2 3 4 5 |  5.2
Armour         | 1 2 3 |  3.8
Fighting       | 1 2 3 4 |  4.7
Spellcasting   | 3 4 5 |  5.7
Staves         | 1 2 |  2.0
Polearms       | |  0.1
Hexes          | |  0.6
Translocations | |  0.1

Action                   |  1- 3 |  4- 6 |  7- 9 || total
-------------------------+-------+-------+-------++-------
Melee: Unarmed           |     9 |       |       ||     9
       Trident           |    10 |     4 |       ||    14
       Quarterstaff      |       |    13 |    58 ||    71
       Tailslap          |       |     2 |     8 ||    10
       Hand axe          |       |       |    10 ||    10
 Cast: Foxfire           |    76 |    90 |   147 ||   313
       Scorch            |     4 |    30 |    60 ||    94
       Inner Flame       |       |       |     4 ||     4
       Flame Wave        |       |       |     3 ||     3
       Kindle Blastspark |       |       |     2 ||     2
Evoke: Wand              |       |       |     1 ||     1
  Use: Scroll            |       |     8 |     1 ||     9
       Potion            |       |       |     1 ||     1
 Stab: Paralysed         |       |       |     1 ||     1
Armor: Robe              |     3 |       |       ||     3
       Leather armour    |     8 |     4 |    26 ||    38
Dodge: Dodged            |    23 |    16 |    91 ||   130
       Repelled          |       |       |     2 ||     2

Table legend: (Time is in decaauts)
 A = Elapsed time spent in this place.
 B = Non-inter-level travel time spent in this place.
 C = Inter-level travel time spent in this place.
 D = Time resting spent in this place.
 E = Time spent auto-exploring this place.
 F = Levels seen in this place.
 G = Mean time per level.
                   A        B        C        D        E       F      G
               +--------+--------+--------+--------+--------+-----+--------+
         Total |   8268 |   8036 |    232 |      0 |   6824 |   9 |  918.7 |
       Dungeon |   7902 |   7681 |    221 |      0 |   6541 |   7 | 1128.9 |
        Temple |     45 |     34 |     11 |      0 |     27 |   1 |   45.0 |
         Sewer |    320 |    320 |      0 |      0 |    256 |   1 |  320.0 |
               +--------+--------+--------+--------+--------+-----+--------+

Top non-repeatable levels by time:
     D:6: 1425 daAuts
     D:2: 1402 daAuts
     D:1: 1212 daAuts
     D:4: 1153 daAuts
     D:5: 995 daAuts
     D:3: 967 daAuts
     D:7: 745 daAuts
   Sewer: 320 daAuts
  Temple: 45 daAuts
